 Dungeon Crawl Stone Soup version 0.27-a0-676-gc1da3516c2 (webtiles) character file.

Game seed: 1014002771882394553

18 Napalmbreeze the Stinger (level 2, -2/15 HPs)
             Began as a Tengu Venom Mage on Mar 18, 2021.
             Slain by an adder (5 damage)
             ... on level 1 of the Dungeon.
             The game lasted 00:02:38 (1445 turns).

Napalmbreeze the Stinger (Tengu Venom Mage)         Turns: 1445, Time: 00:02:39

Health: -2/15      AC:  2    Str:  8    XL:     2   Next: 66%
Magic:  1/6        EV: 12    Int: 15    God:
Gold:   66         SH:  0    Dex: 14    Spells: 3/6 levels left

rFire    . . .     SeeInvis .   c - +0 spear
rCold    . . .     Faith    .   (no shield)
rNeg     . . .     Spirit   .   a - +0 robe
rPois    .         Reflect  .   (helmet restricted)
rElec    .         Harm     .   (no cloak)
rCorr    .         Rampage  .   (no gloves)
Will     .....                  (boots unavailable)
Stlth    ++........             (no amulet)
HPRegen  0.05/turn              (no ring)
MPRegen  0.10/turn              (no ring)

@: lethally poisoned (-2 -> -14)
A: beak, talons 3
a: no special abilities


You were on level 1 of the Dungeon.
You visited 1 branch of the dungeon, and saw 2 of its levels.

You collected 66 gold pieces.

Inventory:

Hand Weapons
 c - a +0 spear (weapon)
Armour
 a - a +0 robe (worn)
Scrolls
 d - a scroll of identify {unknown}
 e - a scroll of torment {unknown}
Potions
 b - a potion of heal wounds {unknown}


   Skills:
 - Level 2.1 Dodging
 - Level 2.0 Stealth
 + Level 2.5 Spellcasting
 - Level 0.7 Transmutations
 + Level 3.4 Poison Magic


You had 3 spell levels left.
You knew the following spells:

 Your Spells              Type           Power      Damage    Failure   Level
a - Sting                 Tmut/Pois      32%        1d4       9%          1
b - Poisonous Vapours     Pois/Air       14%        N/A       16%         2

Your spell library contained the following spells:

 Spells                   Type           Power      Damage    Failure   Level
 Ignite Poison            Fire/Tmut/Pois 6%         N/A       34%         3
 Mephitic Cloud           Conj/Pois/Air  5%         N/A       36%         3
 Olgreb's Toxic Radiance  Pois           12%        N/A       45%         4


Dungeon Overview and Level Annotations

Branches:
Dungeon (2/15)

Altars:


Innate Abilities, Weirdness & Mutations

You have a beak for a mouth.
You have claws for feet.


Message History

The sting misses the adder.
The sting hits the goblin.
The goblin is poisoned.
The goblin is heavily wounded.
The adder barely misses you. The adder bites you.
You are poisoned.
The adder poisons you! The goblin hits you.
You climb upwards.
You feel sick.
There is a stone staircase leading down here.
Casting: Sting (safe; 9% risk of failure)
Confirm with . or Enter, or press ? or * to list all spells.
Aiming: Sting (safe; 9% risk of failure)
Press: ? - help, Shift-Dir - straight line, f - adder
Aim: an adder (moderately wounded, poisoned, 52% to evade)
The sting hits the adder.
The adder looks even sicker.
The adder is heavily wounded.
You feel sick.
You kill the goblin!
The adder barely misses you. The adder bites you but does no damage.
Unknown command.
Unknown command.
You miss the adder.
The adder is heavily wounded.
The adder barely misses you.
Unknown command.
You completely miss the adder.
The adder is heavily wounded.
You feel sick. The adder bites you.
* * * LOW HITPOINT WARNING * * *
You are more poisoned.
The adder poisons you!
Unknown command.
Casting: Sting (safe; 9% risk of failure)
Confirm with . or Enter, or press ? or * to list all spells.
Aiming: Sting (safe; 9% risk of failure)
Press: ? - help, Shift-Dir - straight line, f/p - adder
Aim: an adder (severely wounded, poisoned, 52% to evade)
The sting misses the adder.
* * * LOW HITPOINT WARNING * * *
You feel sick. The adder bites you.
You die...

#.#.#.#......##....
#.#.#.#.......#.#'#
#.#.#.#.#######.#.#
########.#.#.#.#######.#.#
#.....##.#...#.........#..
#.###.##.#################
#.# #.....................
##.######S#################
#.........@................
#########.#.###############
#.#....(....#.# #
#.............# #
#...........#.### #
#...............# #
#############.#.# # #.#.###
#.#....


You could see an adder (poisoned).

Vanquished Creatures
  An ooze (D:1)
  A leopard gecko (D:1)
  A ball python (D:2)
  A bat (D:1)
  A giant cockroach (D:1)
  3 goblins (D:1)
  A kobold (D:2)
  A frilled lizard (D:1)
  A rat (D:1)
11 creatures vanquished.

Notes
Turn   | Place    | Note
-------+----------+-------------------------------------------
     0 | D:1      | Napalmbreeze the Tengu Venom Mage began the quest for the
                  | Orb.
     0 | D:1      | Reached XP level 1. HP: 10/10 MP: 4/4
   643 | D:1      | Reached XP level 2. HP: 12/15 MP: 4/6
  1437 | D:2      | Learned a level 2 spell: Poisonous Vapours
  1445 | D:1      | Slain by an adder

Illustrated notes

Levels and vault maps discovered:
D:1:      dpeg_arrival_boxorama, layout_basic,
          wander_ebering_terrifying_dragon_lair
D:2:      minmay_general_purpose_star, layout_rooms,
          gammafunk_temple_overflow_arena

Action                   || total
-------------------------++-------
Melee: Spear             ||    17
       Kick              ||     3
       Peck              ||     1
 Cast: Sting             ||    16
Armor: Robe              ||     1
Dodge: Dodged            ||    13

Table legend: (Time is in decaauts)
 A = Elapsed time spent in this place.
 B = Non-inter-level travel time spent in this place.
 C = Inter-level travel time spent in this place.
 D = Time resting spent in this place.
 E = Time spent auto-exploring this place.
 F = Levels seen in this place.
 G = Mean time per level.
                   A        B        C        D        E       F      G
               +--------+--------+--------+--------+--------+-----+--------+
         Total |   1446 |   1345 |    101 |     41 |   1192 |   2 |  723.0 |
       Dungeon |   1446 |   1345 |    101 |     41 |   1192 |   2 |  723.0 |
               +--------+--------+--------+--------+--------+-----+--------+

Top non-repeatable levels by time:
     D:1: 1431 daAuts
     D:2: 15 daAuts
